 Dungeon Crawl Stone Soup version 0.31-a0-121-g1e386dd289 (webtiles) character file.

Game seed: 7161053453995686306

1932 Essalna the Destroyer (level 9, -9/59 HPs)
             Began as a Tengu Conjurer on June 1, 2023.
             Was an Initiate of Vehumet.
             Killed from afar by a gargoyle (13 damage)
             ... with a stone arrow
             ... on level 6 of the Dungeon.
             The game lasted 00:12:41 (6236 turns).

Essalna the Destroyer (Tengu Conjurer)              Turns: 6236, Time: 00:12:42

Health: -9/59      AC: 12    Str:  8    XL:     9   Next: 17%
Magic:  8/13       EV: 14    Int: 22    God:    Vehumet [......]
Gold:   334        SH:  0    Dex: 13    Spells: 9/12 levels left

rFire   . . .        l - +3 flail (protect)
rCold   . . .        (no shield)
rNeg    . . .        a - +1 robe
rPois   .            (helmet restricted)
rElec   .            t - +1 cloak
rCorr   .            (no gloves)
SInv    .            (boots unavailable)
Will    .....        i - amulet of regeneration
Stlth   ++           (no ring)
HPRegen 1.09/turn    (no ring)
MPRegen 0.13/turn

%: no passive effects
@: under a protective aura, flying quickly and evasively, quick
A: beak, talons 3, nimble flight
a: Renounce Religion


You were on level 6 of the Dungeon.
You worshipped Vehumet.
Vehumet was noncommittal.
You visited 2 branches of the dungeon, and saw 7 of its levels.

You collected 334 gold pieces.

Inventory:

Hand Weapons
 f - a +1 short sword of holy wrath
 l - a +3 flail of protection (weapon)
Armour
 a - a +1 robe (worn)
 t - a +1 cloak (worn)
Magical Staves
 w - a staff of cold
Jewellery
 i - an amulet of regeneration (around neck)
 n - an amulet of guardian spirit
 p - a ring of fire
Wands
 q - a wand of flame (13)
 u - a wand of roots (22)
Scrolls
 s - 2 scrolls of identify
 v - a scroll of blinking
 y - a scroll of teleportation
Potions
 b - a potion of magic
 c - 3 potions of might
 e - 5 potions of curing {unknown}
 g - a potion of attraction {unknown}
 h - a potion of invisibility {unknown}
 j - 2 potions of lignification {unknown}
 k - a potion of mutation {unknown}
 m - a potion of haste {unknown}
 o - a potion of ambrosia {unknown}
 x - a potion of cancellation {unknown}


   Skills:
 + Level 8.2 Fighting
 - Level 2.1 Dodging
 - Level 2.0 Stealth
 - Level 2.0 Spellcasting
 + Level 11.9 Conjurations


You had 9 spell levels left.
You knew the following spells:

 Your Spells              Type           Power      Damage    Failure   Level
a - Magic Dart            Conj           100%       1d8       1%          1
b - Searing Ray           Conj           100%       2d8       1%          2

Your spell library contained the following spells:

 Spells                   Type           Power      Damage    Failure   Level
 Foxfire                  Conj/Fire      100%       2x1d9     1%          1
 Dazzling Flash           Conj/Hex       56%        N/A       3%          3
 Fulminant Prism          Conj/Hex       14%        3d8       12%         4
 Iskenderun's Mystic Bla  Conj/Tloc      28%        2d7       12%         4
 Apportation              Tloc           4%         N/A       14%         1
 Necrotise                Necr           8%         1d4       14%         1
 Slow                     Hex            8%         N/A       14%         1
 Summon Small Mammal      Summ           8%         N/A       14%         1
 Confusing Touch          Hex            2%         N/A       38%         3
 Inner Flame              Hex/Fire       2%         N/A       38%         3
 Vampiric Draining        Necr           2%         2d6       38%         3
 Volatile Blastmotes      Fire/Tloc      4%         2d10      38%         3
 Starburst                Conj/Fire      14%        6d6       88%         6
 Yara's Violent Unravell  Hex/Tmut       1%         3d3       98%         5
 Enfeeble                 Hex            1%         N/A       100%        7


Dungeon Overview and Level Annotations

Branches:
Dungeon (6/15)             Temple (1/1) D:6

Altars:
Ashenzari
Elyvilon
Fedhas
Gozag
Hepliaklqana
Kikubaaqudgha
Makhleb
Okawaru
Qazlal
Ru
Uskayaw
Vehumet
Zin
The Shining One

Shops:
D:3 (=?


Innate Abilities, Weirdness & Mutations

You have a beak for a mouth.
You have claws for feet.
Your magical nature lets you fly swiftly and evasively.


Message History

Aim: a gargoyle, wielding a +0 flail (severely damaged, about 23% to evade your +3 flail of protection)
You barely miss the gargoyle.
You peck the gargoyle, but do no damage.
The gargoyle is severely damaged.
The gargoyle completely misses you.
Hit: l) +3 flail (protect)
Press: ? - help, Dir - move target, f/p - gargoyle
Aim: a gargoyle, wielding a +0 flail (severely damaged, about 23% to evade your +3 flail of protection)
You barely miss the gargoyle. Your kick misses the gargoyle.
The gargoyle is severely damaged.
The gargoyle misses you. The gargoyle closely misses you.
You feel much better.
The gargoyle hurls a stone arrow at you.
The stone arrow hits you!!
Hit: l) +3 flail (protect)
Press: ? - help, Dir - move target, f/p - gargoyle
Aim: a gargoyle, wielding a +0 flail (severely damaged, about 23% to evade your +3 flail of protection)
You hit the gargoyle but do no damage.
Your weapon exudes an aura of protection.
You peck the gargoyle, but do no damage.
The gargoyle is severely damaged.
The gargoyle hits you with a +0 flail.
Hit: l) +3 flail (protect)
Press: ? - help, Dir - move target, f/p - gargoyle
Aim: a gargoyle, wielding a +0 flail (severely damaged, about 23% to evade your +3 flail of protection)
You hit the gargoyle. Your kick misses the gargoyle.
The gargoyle is almost destroyed.
The gargoyle hurls a stone arrow at you.
The stone arrow misses you.
Hit: l) +3 flail (protect)
Press: ? - help, Dir - move target, f/p - gargoyle
Aim: a gargoyle, wielding a +0 flail (almost destroyed, about 23% to evade your +3 flail of protection)
You hit the gargoyle. Your kick misses the gargoyle.
The gargoyle is almost destroyed.
The gargoyle hurls a stone arrow at you.
The stone arrow hits you!!
* * * LOW HITPOINT WARNING * * *
The gargoyle hurls a stone arrow at you.
The stone arrow hits you!
You die...

##.........##.## .
#.##.....)##...##....
#.####.#.8....>....8..
..# ...#...##...##....
#..
#.###)...##.##..... #.
#. #.##..#.#..# #. #
#..##.....# # ##.
##.8.## . #@..#
......9......#
.......#####.# ####.#.
# #.#. # #. #. #.


You could see a gargoyle.

Vanquished Creatures
  Pikel (D:5)
  Prince Ribbit (D:5)
  A wyvern (D:4)
  Edmund (D:5)
  An ice beast (D:5)
  A black bear (D:5)
  An ogre (D:4)
  A gnoll sergeant (D:5)
  2 scorpions (D:4)
  A jelly (D:3)
  A sleepcap (D:4)
  A gnoll bouda (D:4)
  2 iguanas (D:5)
  Terence (D:2)
  Natasha (twice) (D:2)
  3 orc wizards
  7 adders
  13 gnolls
  2 worms (D:2)
  2 dart slugs
  6 orcs
  8 bats
  10 endoplasms
  2 giant cockroaches
  3 goblins (D:4)
  6 hobgoblins
  9 jackals
  6 kobolds
  3 quokkas
  5 ball pythons
  4 frilled lizards
  A rat (D:2)
108 creatures vanquished.

Notes
Turn   | Place    | Note
-------+----------+-------------------------------------------
     0 | D:1      | Essalna the Tengu Conjurer began the quest for the Orb.
     0 | D:1      | Reached XP level 1. HP: 10/10 MP: 4/4
    61 | D:1      | Found a faded altar of an unknown god.
    79 | D:1      | Got Plato's Folio of the Tropics
   277 | D:1      | Reached skill level 1 in Fighting
   277 | D:1      | Reached XP level 2. HP: 16/16 MP: 1/6
   755 | D:1      | Reached XP level 3. HP: 20/20 MP: 4/7
   827 | D:1      | Reached skill level 6 in Conjurations
  1183 | D:1      | Learned a level 2 spell: Searing Ray
  1563 | D:2      | Reached XP level 4. HP: 26/26 MP: 4/8
  1835 | D:2      | Noticed Natasha
  1853 | D:2      | Killed Natasha
  2089 | D:2      | Noticed Natasha
  2091 | D:2      | Killed Natasha
  2092 | D:2      | Gained mutation: Your magical nature lets you fly swiftly
                  | and evasively. [Tengu growth]
  2092 | D:2      | Reached XP level 5. HP: 32/32 MP: 6/9
  2124 | D:2      | Noticed Terence
  2142 | D:2      | Killed Terence
  2143 | D:2      | Reached skill level 7 in Conjurations
  2439 | D:3      | Found Fin Tiph's Antique Weapon Emporium.
  2656 | D:3      | Found Ymaluike's Magic Scroll Shoppe.
  2736 | D:3      | Found Ifiekaorph's Jewellery Shop.
  3250 | D:4      | Found a glowing golden altar of the Shining One.
  3376 | D:4      | Reached XP level 6. HP: 38/38 MP: 6/10
  3595 | D:4      | Reached skill level 8 in Conjurations
  3758 | D:4      | Reached XP level 7. HP: 44/44 MP: 11/11
  4041 | D:4      | Reached skill level 5 in Fighting
  4123 | D:4      | Noticed a wyvern
  4129 | D:4      | Killed a wyvern
  4130 | D:4      | Reached skill level 9 in Conjurations
  4217 | D:4      | Found an iron altar of Okawaru.
  4370 | D:5      | Entered Level 5 of the Dungeon
  4584 | D:5      | Found a hazy altar of Hepliaklqana.
  4676 | D:5      | Reached XP level 8. HP: 45/51 MP: 1/12
  4808 | D:5      | Noticed Prince Ribbit
  4841 | D:5      | Killed Prince Ribbit
  4842 | D:5      | Reached skill level 10 in Conjurations
  5059 | D:5      | Noticed Edmund
  5067 | D:5      | Killed Edmund
  5258 | D:5      | Noticed Pikel
  5361 | D:5      | Found an ancient bone altar of Kikubaaqudgha.
  5377 | D:5      | Reached skill level 11 in Conjurations
  5693 | D:5      | Found a burning altar of Makhleb.
  5696 | D:5      | Found a broken altar of Ashenzari.
  5698 | D:5      | Found a hide-covered altar of Uskayaw.
  5808 | D:5      | Killed Pikel
  5809 | D:5      | Reached XP level 9. HP: 42/59 MP: 2/13
  6003 | D:6      | Found a white marble altar of Elyvilon.
  6059 | D:6      | Found a staircase to the Ecumenical Temple.
  6071 | Temple   | Entered the Ecumenical Temple
  6180 | Temple   | Became a worshipper of Vehumet
  6213 | D:6      | Noticed a gargoyle
  6236 | D:6      | Killed from afar by a gargoyle

Illustrated notes

Levels and vault maps discovered:
D:1:      nagdon_arrival_zigzag_paths, layout_loops_ring,
          shapermc_ecumenical_altar_rom_forum
D:2:      layout_basic, kennysheep_generic_room_5, uniq_terence, uniq_natasha
D:3:      layout_loops_ring, serial_shops, shop, shop, shop
D:4:      layout_loops_ring, kennysheep_okawaru_gauntlet, amcnicky_altar_gilded,
          serial_bayou, serial_bayou_lagoon_a, serial_bayou_shore_a,
          serial_bayou_pond_a, serial_bayou_shore_b, serial_bayou_pond_c,
          serial_bayou_shore_b
D:5:      layout_cave_pools, nicolae_hepliaklqana_hazy_memory,
          nicolae_kikubaaqudgha_miasma_corner, grunt_temple_overflow_diamond,
          sigmund_army, uniq_prince_ribbit1, uniq_edmund, uniq_pikel
D:6:      layout_loops_ring, mainiacjoe_overflow_alcove_2, elyvilon_altar_4,
          minmay_temple_entry_waves, lightli_corner_chamber
Temple:   nicolae_temple_figure_eight

Skill      XL: |  1  2  3  4  5  6  7  8 |
---------------+-------------------------+-----
Fighting       | 1 2 3 4 6 8 |  8.2
Conjurations   | 6 7 8 9 11 | 11.9
Dodging        | |  2.1
Stealth        | |  2.0
Spellcasting   | |  2.0

Action                     |  1- 3 |  4- 6 |  7- 9 || total
---------------------------+-------+-------+-------++-------
  Melee: Unarmed           |    40 |       |       ||    40
         Kick              |    12 |     2 |    10 ||    24
         Peck              |     9 |     4 |     8 ||    21
         Short sword       |       |     3 |       ||     3
         Flail             |       |     6 |    25 ||    31
   Cast: Magic Dart        |    65 |    75 |    90 ||   230
         Searing Ray       |       |     5 |    18 ||    23
    Use: Scroll            |     2 |     8 |     2 ||    12
         Potion            |       |       |     1 ||     1
 Armour: Robe              |    11 |     5 |     5 ||    21
  Dodge: Dodged            |    22 |    27 |    51 ||   100

Table legend: (Time is in decaauts)
 A = Elapsed time spent in this place.
 B = Non-inter-level travel time spent in this place.
 C = Inter-level travel time spent in this place.
 D = Time resting spent in this place.
 E = Time spent auto-exploring this place.
 F = Levels seen in this place.
 G = Mean time per level.
                   A        B        C        D        E       F      G
               +--------+--------+--------+--------+--------+-----+--------+
         Total |   6037 |   5884 |    153 |      0 |   5080 |   7 |  862.4 |
       Dungeon |   5918 |   5788 |    130 |      0 |   4987 |   6 |  986.3 |
        Temple |    118 |     96 |     22 |      0 |     92 |   1 |  118.0 |
               +--------+--------+--------+--------+--------+-----+--------+

Top non-repeatable levels by time:
     D:5: 1477 daAuts
     D:4: 1208 daAuts
     D:1: 1202 daAuts
     D:2: 1169 daAuts
     D:3: 672 daAuts
     D:6: 188 daAuts
  Temple: 118 daAuts
